 Dungeon Crawl Stone Soup version 0.23.2-1-ga50397a (webtiles) character file.

Game seed: 13179032149785973914

1255 Kairos the Poker (level 8, -1/62 HPs)
             Began as a Formicid Abyssal Knight on Apr 17, 2019.
             Was a Priest of Lugonu.
             Slain by an ice beast (4 damage)
             ... on level 5 of the Dungeon.
             The game lasted 00:07:59 (4634 turns).

Kairos the Poker (Formicid Abyssal Knight)          Turns: 4634, Time: 00:08:00

Health: -1/62      AC: 11    Str: 19      XL:     8   Next: 80%
Magic:  9/9        EV:  8    Int: 12      God:    Lugonu [***...]
Gold:   171        SH:  4    Dex:  8 (10) Spells: 7/7 levels left

rFire    . . .     SeeInvis +   k - +1 spear (flame)
rCold    . . .     Gourm    .   s - +0 buckler
rNeg     . . .     Faith    .   g - +1 chain mail
rPois    .         Spirit   .   (helmet unavailable)
rElec    .         Reflect  .   (no cloak)
rCorr    .         Harm     .   (no gloves)
MR       .....                  (no boots)
Stlth    ..........             (no amulet)
HPRegen  0.20/turn              (no ring)
MPRegen  0.11/turn              (no ring)

@: no status effects
A: permanent stasis, dig shafts and tunnels, four strong arms, antennae 3, wild
magic 1
a: Dig, Shaft Self, Depart the Abyss, Bend Space, Banish, Renounce Religion


You were on level 5 of the Dungeon.
You worshipped Lugonu.
Lugonu was most pleased with you.
You were not hungry.

You visited 1 branch of the dungeon, and saw 5 of its levels.
You visited the Abyss 1 time.

You collected 171 gold pieces.

Inventory:

Hand Weapons
 k - a +1 spear of flaming (weapon)
Armour
 g - a +1 chain mail (worn)
 s - a +0 buckler (worn)
Wands
 l - a wand of disintegration (12)
 o - a wand of polymorph (7)
Scrolls
 b - a scroll of enchant armour
 e - a scroll of vulnerability
 i - 2 scrolls of magic mapping
 j - 3 scrolls of immolation
 n - a scroll of identify
 q - a scroll of fog
Potions
 a - a potion of resistance {unknown}
 d - 3 potions of agility
 h - 2 potions of brilliance
 m - 2 potions of curing
 p - 3 potions of heal wounds
 r - a potion of haste
 t - a potion of lignification {unknown}
Comestibles
 c - 5 rations


   Skills:
 + Level 5.3 Fighting
 + Level 7.0 Polearms
 + Level 6.2 Armour
 + Level 1.6 Dodging
 + Level 3.1 Shields
 + Level 2.2 Invocations


You had 7 spell levels left.
You didn't know any spells.
Your spell library was empty.

Dungeon Overview and Level Annotations

Branches:
Dungeon (5/15)
 Temple: D:4-7

Altars:
Cheibriados
Hepliaklqana
Makhleb
Zin
The Shining One

Shops:
D:4 =

Annotations:
D:5 1 runed translucent door, Ethylacetat's ghost, amateur NaTm


Innate Abilities, Weirdness & Mutations

You cannot be hasted, slowed, berserked, paralysed or teleported.
You can dig through walls and to a lower floor.
Your four strong arms can wield two-handed weapons with a shield.
You have a pair of large antennae on your head. (SInv)
Your spells are a little harder to cast, but a little more powerful.


Message History

The ice beast is almost dead.
The ice beast hits you. The ice beast freezes you!
You are too injured to fight recklessly!
You are too injured to fight recklessly!
You are too injured to fight recklessly!
You barely miss the ice beast.
The ice beast is almost dead.
You hit the ice beast.
You melt the ice beast.
The ice beast is almost dead.
The ice beast hits you but does no damage.
You hit the ice beast but do no damage.
The ice beast is almost dead.
The ice beast hits you.
* * * LOW HITPOINT WARNING * * *
The ice beast freezes you!
* * * LOW HITPOINT WARNING * * *
You closely miss the ice beast.
The ice beast is almost dead.
The ice beast hits you.
You die...

...#..# . ......#
.### ## ####### ...
># #.. ..# .# #.#
#.# .# #.#
#######.# .#
####.###.....#$##.#
...............:..#
.....###.....#.#@.#
###....#######.##Y#
#.##.# #.# .# ###.#
... #.# .. ..#)#
### #.# ... <.#.###
#.# ...# ......#
#.. ...# .#.##.#
#... ........


You could see an ice beast.

Vanquished Creatures
  Pikel (D:4)
  A phantom (D:4)
  Blork the orc (D:5)
  A water moccasin skeleton (D:5)
  3 wights (D:5)
  A crimson imp (D:5)
  A hound (D:3)
  A quasit (D:5)
  6 orc wizards (D:4)
  3 worker ants (D:4)
  7 adders
  2 oozes
  An adder skeleton (D:4)
  2 worms
  A dart slug (D:1)
  7 leopard geckos
  15 orcs
  11 giant cockroaches
  12 goblins
  6 hobgoblins
  6 jackals
  2 quokkas
  2 ball pythons
  8 bats
  7 frilled lizards
  6 kobolds
  6 rats
120 creatures vanquished.

Vanquished Creatures (others)
  A ball python (D:4)
  10 starspawn tentacles (Abyss:2)
11 creatures vanquished.

Grand Total: 131 creatures vanquished

Notes
Turn   | Place    | Note
-------+----------+-------------------------------------------
     0 | Abyss:1  | Kairos the Formicid Abyssal Knight began the quest for the
                  | Orb.
     0 | Abyss:1  | Reached XP level 1. HP: 18/18 MP: 2/2
     0 | Abyss:1  | Found a corrupted altar of Lugonu.
    31 | Abyss:2  | Found a corrupted altar of Lugonu.
    61 | Abyss:2  | Noticed a smoke demon
    61 | Abyss:2  | Noticed a smoke demon
    61 | Abyss:2  | Noticed a deep elf mage
    61 | Abyss:2  | Noticed a deep elf mage
   129 | Abyss:2  | Noticed a chaos spawn
   165 | Abyss:2  | Noticed a tentacled starspawn
   252 | Abyss:2  | Noticed a neqoxec
   252 | Abyss:2  | Noticed a raiju
   252 | Abyss:2  | Noticed a raiju
   252 | Abyss:2  | Gained mutation: Your spells are a little harder to cast,
                  | but a little more powerful. [a neqoxec]
   253 | D:1      | Escaped the Abyss
   425 | D:1      | Reached XP level 2. HP: 16/24 MP: 3/3
   791 | D:1      | Reached * piety under Lugonu
   795 | D:1      | Reached XP level 3. HP: 29/29 MP: 4/4
  1121 | D:1      | Reached skill level 3 in Polearms
  1786 | D:2      | Reached XP level 4. HP: 31/37 MP: 5/5
  2130 | D:2      | Reached ** piety under Lugonu
  2134 | D:2      | Found a glowing silver altar of Zin.
  2134 | D:2      | Found a glowing golden altar of the Shining One.
  2138 | D:2      | Found a snail-covered altar of Cheibriados.
  2664 | D:3      | Reached XP level 5. HP: 15/42 MP: 6/6
  3186 | D:3      | Found a burning altar of Makhleb.
  3201 | D:3      | Reached skill level 4 in Polearms
  3479 | D:4      | Found Nenat's Jewellery Shoppe.
  3496 | D:4      | Reached skill level 1 in Dodging
  3496 | D:4      | Reached XP level 6. HP: 42/49 MP: 7/7
  3501 | D:4      | Noticed a phantom
  3571 | D:4      | Killed a phantom
  3571 | D:4      | Reached skill level 1 in Shields
  3957 | D:4      | Noticed a slave
  3957 | D:4      | Noticed Pikel
  3958 | D:4      | Noticed a slave
  3959 | D:4      | Noticed a slave
  3959 | D:4      | Noticed a slave
  3975 | D:4      | Killed Pikel
  3975 | D:4      | Reached skill level 6 in Polearms
  3975 | D:4      | Reached skill level 5 in Armour
  3975 | D:4      | Reached XP level 7. HP: 50/55 MP: 8/8
  3975 | D:4      | Reached XP level 8. HP: 56/61 MP: 9/9
  4018 | D:4      | Reached skill level 5 in Fighting
  4032 | D:4      | Reached *** piety under Lugonu
  4275 | D:5      | Entered Level 5 of the Dungeon
  4314 | D:5      | Found a runed translucent door.
  4316 | D:5      | Noticed Ethylacetat's ghost (amateur NaTm)
  4336 | D:5      | Noticed Blork the orc
  4357 | D:5      | Killed Blork the orc
  4487 | D:5      | Found a hazy altar of Hepliaklqana.
  4577 | D:5      | Reached skill level 7 in Polearms
  4633 | D:5      | HP: 3/62 [ice beast (14)]
  4634 | D:5      | Slain by an ice beast

Skill      XL: |  1  2  3  4  5  6  7  8 |
---------------+-------------------------+-----
Polearms       | 3 4 6 7 |  7.0
Fighting       | 4 5 |  5.3
Armour         | 3 5 6 |  6.2
Dodging        | 1 |  1.6
Shields        | 2 3 |  3.1
Invocations    | |  2.2

Action                   |  1- 3 |  4- 6 |  7- 9 || total
-------------------------+-------+-------+-------++-------
Melee: Spear             |   109 |   259 |   207 ||   575
Invok: Depart the Abyss  |     1 |       |       ||     1
 Abil: Dig               |    15 |     3 |     1 ||    19
  Use: Potion            |     3 |       |       ||     3
       Scroll            |     6 |     3 |     2 ||    11
  Eat: Chunk             |     1 |     4 |     2 ||     7
       Ration            |     1 |     1 |       ||     2
Armor: Chain mail        |    37 |   100 |    74 ||   211
Dodge: Dodged            |    22 |    55 |    45 ||   122
Block: Buckler           |       |    17 |    21 ||    38
